 Dungeon Crawl Stone Soup version 0.29.0-13-gc9e81de378 (webtiles) character file.

Game seed: 17432420951817229910

84 LustLizard the Magician (level 4, 0/31 HPs)
             Began as a Djinni Ice Elementalist on Sept 8, 2022.
             Slain by an orc wizard
             ... wielding a +0 dagger
              (1 damage)
             ... on level 3 of the Dungeon.
             The game lasted 00:03:01 (2854 turns).

LustLizard the Magician (Djinni Ice Elementalist)   Turns: 2854, Time: 00:03:02

Health: 0/31       AC:  3    Str:  7    XL:     4   Next: 72%
Gold:   100        EV: 12    Int: 18    God:
                   SH:  0    Dex: 14

rFire   + + .      SeeInvis .   n - +1 short sword (flame)
rCold   x . .      Faith    .   (no shield)
rNeg    . . .      Spirit   .   a - +0 robe
rPois   ∞          Reflect  .   (no helmet)
rElec   .          Harm     .   (no cloak)
rCorr   .          Rampage  .   m - +0 pair of gloves
Will    .....                   (boots unavailable)
Stlth   +.........              (no amulet)
HPRegen 0.10/turn               (no ring)
MPRegen 0.00/turn               (no ring)

@: confused, flying
A: sickness immunity, fire resistance 2, cold vulnerability 1, float, innate
caster, HP casting, extra vitality 1
a: no special abilities


You were on level 3 of the Dungeon.
You visited 1 branch of the dungeon, and saw 3 of its levels.

You collected 100 gold pieces.

Inventory:

Hand Weapons
 b - a +1 hand axe of freezing
 n - a +1 short sword of flaming (weapon)
Missiles
 c - 41 stones
Armour
 a - a +0 robe (worn)
 m - a +0 pair of gloves (worn)
Scrolls
 e - a scroll of blinking {unknown}
 h - a scroll of torment {unknown}
 j - a scroll of brand weapon {unknown}
Potions
 d - a potion of invisibility {unknown}
 f - 2 potions of curing {unknown}
 g - a potion of resistance {unknown}
 i - a potion of cancellation {unknown}
 k - a potion of might {unknown}
 l - a potion of heal wounds {unknown}


   Skills:
 - Level 2.1 Dodging
 + Level 2.5 Stealth
 * Level 4.2 Spellcasting


You couldn't memorise any spells.
You knew the following spells:

 Your Spells              Type           Power      Damage    Failure   Level
a - Freeze                Ice            76%        1d9       2%          1
b - Frozen Ramparts       Ice            38%        1d6       8%          3
c - Ozocubu's Armour      Ice            19%        N/A       8%          3
d - Hailstorm             Conj/Ice       19%        3d6       26%         4
e - Apportation           Tloc           38%        N/A       2%          1
Your spell library was empty.

Dungeon Overview and Level Annotations

Branches:
Dungeon (3/15)

Altars:


Innate Abilities, Weirdness & Mutations

You are immune to sickness and miasma.
You are immune to poison.
Your flesh is very heat resistant. (rF++)
You are vulnerable to cold. (rC-)
You float through the air rather than walking.
You learn spells naturally, not from books.
Your magical power is your life essence.
You have superior vitality. (+4 MHP)


Message History

The wall freezes the orc wizard but does no damage.
The orc wizard closely misses you.
The wall freezes the adder.
You hit the orc wizard but do no damage.
The orc wizard is severely wounded.
The wall freezes the orc wizard.
The orc wizard gestures at you while chanting.
You are confused.
The wall freezes the adder.
You kill the adder!
Your frozen ramparts will break if you move.
Continue? [Y]es or [N]o only, please.
Your frozen ramparts will break if you move.
Continue?
Okay, then.
Unknown command.
You're too confused to cast spells.
Sorry, you're not good enough to have a special ability.
Unknown command.
Your frozen ramparts will break if you move.
Continue?
You bump into the rock wall.
The rat twitches its whiskers.
The wall freezes the endoplasm.
The wall freezes the orc wizard but does no damage.
The orc wizard hits you but does no damage.
Your frozen ramparts will break if you move.
Continue?
The frozen ramparts melt away as you move.
The orc wizard points at you and mumbles some strange words.
You are more confused.
You bump into the rock wall.
You closely miss the orc wizard.
The orc wizard is almost dead.
The endoplasm closely misses you.
The orc wizard gestures at you while chanting.
You are more confused.
You miss the orc wizard.
The orc wizard is almost dead.
The endoplasm freezes you.
You are frozen!
You feel a terrible chill!
* * * LOW HITPOINT WARNING * * *
The orc wizard hits you with a +0 dagger.
You die...

# .. ... ....###
.>.....#######..#
........rJ@.....#
#.....)..o####..+
#..########


You could see an orc wizard, an endoplasm and a rat.

Vanquished Creatures
  3 adders
  A worm (D:2)
  4 orcs (D:3)
  3 bats
  An endoplasm (D:2)
  2 giant cockroaches (D:1)
  2 goblins
  2 hobgoblins (D:2)
  8 jackals (D:1)
  4 kobolds
  3 quokkas
  7 ball pythons
  3 frilled lizards
  2 rats (D:1)
45 creatures vanquished.

Notes
Turn   | Place    | Note
-------+----------+-------------------------------------------
     0 | D:1      | LustLizard the Djinni Ice Elementalist began the quest for
                  | the Orb.
     0 | D:1      | LustLizard set off with the following spells memorised:
                  | Freeze, Frozen Ramparts, Ozocubu's Armour, Hailstorm.
     0 | D:1      | Reached XP level 1. HP: 15/15 MP: 0/0
   257 | D:1      | Reached XP level 2. HP: 21/21 MP: 0/0
   800 | D:1      | Reached XP level 3. HP: 21/25 MP: 0/0
   800 | D:1      | Learned a level 1 spell: Apportation
  1181 | D:1      | Found a faded altar of an unknown god.
  2020 | D:2      | Reached XP level 4. HP: 7/31 MP: 0/0
  2022 | D:2      | Reached skill level 4 in Spellcasting
  2854 | D:3      | HP: 1/31 [frozen (7)]
  2854 | D:3      | Slain by an orc wizard

Illustrated notes

Levels and vault maps discovered:
D:1:      minmay_arrival_widening_spiral_wide, layout_loops_ring,
          dilly_ecumenical_altar_fadedgnrine
D:2:      layout_basic
D:3:      layout_basic, nicolae_overflow_ecumenical_swirl,
          nicolae_vehumet_radiance, serial_shops, shop, minmay_divided_ellipse,
          uniq_ijyb, uniq_terence

Skill      XL: |  1  2  3  4 |
---------------+-------------+-----
Stealth        | 2 |  2.5
Spellcasting   | 4 |  4.2
Dodging        | |  2.1

Action                   |  1- 3 |  4- 6 || total
-------------------------+-------+-------++-------
Melee: Hand axe          |    81 |    10 ||    91
       Punch             |     1 |       ||     1
       Short sword       |       |    14 ||    14
 Cast: Freeze            |    11 |       ||    11
       Frozen Ramparts   |     1 |     3 ||     4
 Stab: Sleeping          |     6 |     2 ||     8
Armor: Robe              |    20 |     4 ||    24
Dodge: Dodged            |    79 |    10 ||    89
